 Dungeon Crawl Stone Soup version 0.17-a0-377-gdd46233 (webtiles) character file.

61 xeno23 the Conjurer (level 3, 0/26 HPs)
             Began as a Draconian Conjurer on Apr 1, 2015.
             Slain by Natasha (7 damage)
             ... on level 2 of the Dungeon.
             The game lasted 00:05:27 (1432 turns).

xeno23 the Conjurer (Draconian Conjurer)            Turns: 1432, Time: 00:05:28

Health: 0/26       AC:  6    Str: 10    XL:     3   Next: 83%
Magic:  0/5        EV: 12    Int: 16    God:
Gold:   20         SH:  4    Dex: 11    Spells: 1 memorised, 5 levels left

rFire  . . .     SeeInvis .     d - +0 spear
rCold  . . .     Clarity  .     (armour unavailable)
rNeg   . . .     SustAb   .     m - +0 buckler
rPois  .         Gourm    .     (helmet restricted)
rElec  .         Spirit   .     r - +0 cloak (curse)
rCorr  .         Warding  .     (no gloves)
rMut   .         Stasis   .     (no boots)
MR     .....                    (no amulet)
Stlth  ++........               (no ring)
                                (no ring)

@: slowed, very slow, not resistant to hostile enchantments, unstealthy
A: unfitting armour, cold-blooded, AC +5
a: no special abilities


You were on level 2 of the Dungeon.
You were not hungry.

You visited 1 branch of the dungeon, and saw 2 of its levels.

You collected 20 gold pieces.

Inventory:

Hand weapons
 d - a +0 spear (weapon)
Armour
 m - a +0 buckler (worn)
 r - a cursed +0 cloak (worn)
Jewellery
 q - an uncursed ring of fire {unknown}
Scrolls
 e - a scroll of identify {unknown}
 k - a scroll of fog {unknown}
 n - a scroll of enchant armour {unknown}
 o - a scroll of amnesia {unknown}
Potions
 a - 2 potions of might
 g - a potion of ambrosia {unknown}
 h - 2 potions of resistance {unknown}
 i - a potion of invisibility {unknown}
 j - a potion of curing {unknown}
Books
 c - a book of Conjurations

   Spells                             Type                      Level
   a - Magic Dart                     Conjuration                  1
   b - Searing Ray                    Conjuration                  2
   c - Dazzling Spray                 Conjuration/Hexes            3
   d - Fulminant Prism                Conjuration/Hexes            4
   e - Iskenderun's Mystic Blast      Conjuration                  4
   f - Iskenderun's Battlesphere      Conjuration/Charms           5
Comestibles
 b - 5 bread rations
 f - a slice of pizza
 l - 2 meat rations
 p - a chunk of flesh


   Skills:
 - Level 1.7 Dodging
 - Level 1.8 Stealth
 + Level 3.0 Shields
 - Level 2.0 Spellcasting
 - Level 4.4 Conjurations


You had 5 spell levels left.
You knew the following spells:

 Your Spells              Type           Power        Failure   Level  Hunger
a - Magic Dart            Conj           ###.         4%          1    #......


Dungeon Overview and Level Annotations

Branches:
Dungeon (2/15)

Altars:

Annotations:
D:2 Natasha


Innate Abilities, Weirdness & Mutations

Your plain brown scales are hard (AC +5).
Your body does not fit into most forms of armour.
You are cold-blooded and may be slowed by cold attacks.


Message History

Natasha claws you.
The crimson imp blinks!
You take 6 damage.
You miss Natasha.
Natasha is severely wounded.
Natasha casts a spell at you.
You feel yourself slow down.
You hit Natasha but do no damage.
Natasha is severely wounded.
Natasha claws you.
* * * LOW HITPOINT WARNING * * *
Natasha stares at you and mumbles some strange words.
You resist with significant effort.
The crimson imp blinks!
You take 5 damage.
You hit Natasha but do no damage.
Natasha is severely wounded.
Natasha barely misses you.
You barely miss Natasha.
Natasha is severely wounded.
Natasha closely misses you. Natasha claws you!
You die...

#.# # #.# # #.# # #.# ##.#### #
#####.#.#.##### # ......5h.5.5..#
# .........####.#### # #####..###
#..h@# # ##.### ###### #
###.#.############# #
#.................# #
##.#..^..#########.############
###.###..........................
.....#.....#########.############
###......†## #.# ####.#.## #.#


You could see Natasha.

Vanquished Creatures
  Terence (D:2)
  An adder (D:2)
  A giant gecko (D:2)
  3 giant cockroaches
  6 goblins
  4 hobgoblins
  2 jackals (D:1)
  3 bats
  3 giant newts
  3 kobolds (D:1)
  3 rats (D:1)
30 creatures vanquished.

Notes
Turn   | Place    | Note
--------------------------------------------------------------
     0 | D:1      | xeno23, the Draconian Conjurer, began the quest for the Orb.
     0 | D:1      | Reached XP level 1. HP: 14/14 MP: 3/3
   212 | D:1      | Reached XP level 2. HP: 20/20 MP: 4/4
   715 | D:1      | Reached skill level 1 in Shields
  1099 | D:2      | Reached XP level 3. HP: 14/26 MP: 5/5
  1392 | D:2      | Noticed Terence
  1395 | D:2      | Noticed Natasha
  1423 | D:2      | Killed Terence
  1432 | D:2      | Slain by Natasha

Action                   || total
-------------------------++-------
Melee: Spear             ||   126
       Unarmed           ||     1
 Cast: Magic Dart        ||    16
 Stab: Sleeping          ||     1
  Eat: Chunk             ||     2
